 Dungeon Crawl Stone Soup version 0.20.1-1-g8b1a95d (webtiles) character file.

637 dohliylev the Cutter (level 7, -5/53 HPs)
             Began as a Vampire Gladiator on July 14, 2017.
             Slain by a worker ant (6 damage)
             ... on level 5 of the Dungeon.
             The game lasted 00:14:55 (3844 turns).

dohliylev the Cutter (Vampire Gladiator)            Turns: 3844, Time: 00:14:55

Health: -5/53      AC: 12    Str: 13    XL:     7   Next: 25%
Magic:  12/16      EV: 11    Int: 12    God:
Gold:   186        SH:  3    Dex: 16    Spells: 6/6 levels left

rFire    . . .     SeeInvis +   j - +2 dagger (vamp)
rCold    . . .     Gourm    .   (no shield)
rNeg     . . .     Faith    .   a - +0 chain mail (curse)
rPois    .         Spirit   .   c - +0 helmet
rElec    .         Reflect  +   (no cloak)
rCorr    .         Harm     .   s - +2 pair of gloves
MR       .....                  (no boots)
Stlth    ..........             u - +3 amulet of reflection
Regen    0.4/turn               i - +4 ring of evasion
MPRegen  0.2/turn               h - ring of magical power

@: lethally poisoned (-5 -> -6), regenerating quickly
A: fangs 3, see invisible, unbreathing
a: no special abilities


You were on level 5 of the Dungeon.
You were full.

You visited 1 branch of the dungeon, and saw 5 of its levels.

You collected 186 gold pieces.

Inventory:

Hand Weapons
 j - a +2 vampiric dagger (weapon)
 n - a +0 dagger of freezing
Armour
 a - a cursed +0 chain mail (worn)
 b - a +0 leather armour
 c - a +0 helmet (worn)
 o - a +0 robe
 s - a +2 pair of gloves (worn)
Jewellery
 e - an uncursed ring of wizardry
 h - a ring of magical power (right hand)
 i - a +4 ring of evasion (left hand)
 u - a +3 amulet of reflection (around neck)
Scrolls
 g - a scroll of enchant weapon {unknown}
 p - 2 scrolls of teleportation {unknown}
 q - 3 scrolls of identify {unknown}
 r - a scroll of enchant armour {unknown}
 t - a scroll of remove curse {unknown}
Potions
 d - 8 potions of blood
 f - a potion of might {unknown}
 k - 2 potions of ambrosia {unknown}
 l - 2 potions of curing
 m - a potion of heal wounds {unknown}


   Skills:
 + Level 3.9 Fighting
 + Level 5.6 Short Blades
   Level 3.2 Axes
 - Level 1.7 Throwing
 - Level 0.1 Armour
 + Level 4.6 Dodging
 + Level 2.2 Stealth


You had 6 spell levels left.
You didn't know any spells.

Dungeon Overview and Level Annotations

Branches:
Dungeon (5/15)
 Temple: D:4-7

Altars:
Elyvilon
Fedhas
Hepliaklqana
Ru
Trog
Uskayaw
Vehumet
Xom
Zin
The Shining One

Annotations:
D:4 Oddysee's ghost, amateur MiFi


Innate Abilities, Weirdness & Mutations

Your natural rate of healing is unusually fast.
You have razor-sharp teeth.
You have supernaturally acute eyesight. (SInv)
You can survive without breathing.


Message History

* * * LOW HITPOINT WARNING * * *
You feel sick. The worker ant misses you.
You hit the worker ant but do no damage.
The worker ant is heavily wounded.
The worker ant barely misses you.
You hit the worker ant but do no damage.
The worker ant is heavily wounded.
* * * LOW HITPOINT WARNING * * *
You feel sick. The worker ant barely misses you.
You hit the worker ant but do no damage.
The worker ant is heavily wounded.
You closely miss the worker ant. You bite the worker ant.
The worker ant is severely wounded.
* * * LOW HITPOINT WARNING * * *
You feel sick. The worker ant closely misses you.
You hit the worker ant.
You bite the worker ant, but do no damage.
The worker ant is almost dead.
The worker ant bites you.
You die...

...#...Z.......
.......<#.#######
.#._.#....#......
...............#
...#...##.##.#.#
......O...[# #
##.#?#.#.(#
..%#.#S####.# ##
#.#Ya@...#
########


You could see an ice beast, a worker ant and an adder.

Vanquished Creatures
  A phantom (D:4)
  An ogre (D:4)
  A howler monkey (D:4)
  A crimson imp (D:4)
  2 hounds (D:4)
  4 orc wizards
  Jessica (D:3)
  Terence (D:3)
  2 worker ants (D:4)
  2 adders (D:2)
  2 oozes
  3 worms
  3 dart slugs
  2 leopard geckos
  12 orcs
  2 giant cockroaches
  6 hobgoblins
  2 quokkas (D:2)
  3 ball pythons
  3 bats
  5 frilled lizards
  4 goblins
  9 kobolds
  A leopard gecko skeleton (D:4)
  2 rats
75 creatures vanquished.

Notes
Turn   | Place    | Note
-------+----------+-------------------------------------------
     0 | D:1      | dohliylev the Vampire Gladiator began the quest for the Orb.
     0 | D:1      | Reached XP level 1. HP: 16/16 MP: 1/1
   171 | D:1      | Reached XP level 2. HP: 22/22 MP: 2/2
   815 | D:2      | Found a glowing golden altar of the Shining One.
   920 | D:2      | Reached XP level 3. HP: 20/27 MP: 3/3
  1141 | D:2      | Found a blossoming altar of Fedhas.
  1287 | D:2      | Reached skill level 1 in Stealth
  1479 | D:2      | Found a sacrificial altar of Ru.
  1780 | D:3      | Reached XP level 4. HP: 27/34 MP: 4/4
  1834 | D:3      | Reached skill level 1 in Short Blades
  1855 | D:3      | Reached XP level 5. HP: 33/40 MP: 5/5
  1906 | D:3      | Noticed Terence
  1934 | D:3      | Killed Terence
  1934 | D:3      | Reached skill level 2 in Short Blades
  2258 | D:3      | Noticed Jessica
  2268 | D:3      | Killed Jessica
  2617 | D:3      | Found a glowing silver altar of Zin.
  2657 | D:4      | Noticed a phantom
  2695 | D:4      | Found a hide-covered altar of Uskayaw.
  2771 | D:4      | Killed a phantom
  2771 | D:4      | Reached skill level 3 in Short Blades
  2771 | D:4      | Reached XP level 6. HP: 38/47 MP: 6/6
  2961 | D:4      | Found a white marble altar of Elyvilon.
  3008 | D:4      | Reached skill level 4 in Short Blades
  3012 | D:4      | Noticed Oddysee's ghost (amateur MiFi)
  3284 | D:4      | Found a bloodstained altar of Trog.
  3383 | D:4      | Reached skill level 5 in Short Blades
  3383 | D:4      | Reached XP level 7. HP: 18/53 MP: 7/7
  3672 | D:4      | Found a shimmering altar of Xom.
  3673 | D:4      | Found a hazy altar of Hepliaklqana.
  3673 | D:4      | Noticed a tyrant leech
  3674 | D:4      | Noticed a tyrant leech
  3674 | D:4      | Noticed a spectral ugly thing
  3815 | D:5      | Entered Level 5 of the Dungeon
  3815 | D:5      | Found a radiant altar of Vehumet.
  3836 | D:5      | HP: 2/53 [poisoned by a worker ant]
  3841 | D:5      | HP: 1/53 [poisoned by a worker ant]
  3844 | D:5      | Slain by a worker ant

Skill      XL: |  1  2  3  4  5  6 |
---------------+-------------------+-----
Fighting       | 2 3 |  3.9
Axes           | 3 |  3.2
Stealth        | 1 2 |  2.2
Dodging        | 4 |  4.6
Short Blades   | 1 3 5 |  5.6
Throwing       | |  1.7
Armour         | |  0.1

Action                   |  1- 3 |  4- 6 |  7- 9 || total
-------------------------+-------+-------+-------++-------
Melee: War axe           |    25 |       |       ||    25
       Bite              |    14 |    43 |    12 ||    69
       Hand axe          |    26 |       |       ||    26
       Dagger            |   102 |   366 |    65 ||   533
 Abil: End Transformatio |       |     1 |     1 ||     2
       Bat Form          |       |     1 |     1 ||     2
  Use: Potion            |     4 |     4 |     4 ||    12
  Eat: Corpse            |     6 |     1 |       ||     7
Armor: Leather armour    |    15 |       |       ||    15
       Chain mail        |    51 |   112 |    19 ||   182
Dodge: Dodged            |    93 |   145 |    31 ||   269
Block: Other             |       |    19 |     6 ||    25
